 Dungeon Crawl Stone Soup version 0.30.0-15-g856e2d3f33 (webtiles) character file.

Game seed: 16902876334451299779

29043 qw the Cleaver (level 13, 0/82 HPs)
             Began as a Gargoyle Fighter on May 20, 2023.
             Was an Elder of Okawaru.
             Killed from afar by a hell hog (14 damage)
             ... with a fireball
             ... on level 1 of the Abyss.
             The game lasted 00:06:44 (13821 turns).

qw the Cleaver (Gargoyle Fighter)                  Turns: 13821, Time: 00:06:44

Health: 0/82       AC: 39    Str: 25    XL:     13   Next: 42%
Magic:  18/20      EV:  9    Int:  9    God:    Okawaru [****..]
Gold:   974        SH:  6    Dex:  9    Spells: 12/12 levels left

rFire   + . .        Y - +9 broad axe (drain)
rCold   + . .        c - +0 buckler
rNeg    + + .        v - +0 plate armour
rPois   inf          h - +2 helmet
rElec   +            y - scarf {rC+ rF+}
rCorr   .            A - +0 pair of gloves
SInv    .            e - +2 pair of boots
Will    .....        (no amulet) Stlth
                     f - +4 ring of protection
HPRegen 0.33/turn    m - ring of positive energy
MPRegen 0.17/turn

%: no passive effects
@: about to teleport, heroic
A: sickness immunity, AC +9, negative energy resistance 1, electricity
resistance, torment resistance 1, petrification resistance, wild magic 1
a: Renounce Religion, Heroism, Finesse


You were on level 1 of the Abyss.
You worshipped Okawaru.
Okawaru was greatly pleased with you.
You visited 3 branches of the dungeon, and saw 15 of its levels.
You visited the Abyss 1 time.
You also visited: Sewer.

You collected 974 gold pieces.


Innate Abilities, Weirdness & Mutations

You are immune to sickness and miasma.
Your stone body is resilient. (AC +9)
You are immune to poison.
You resist negative energy. (rN+)
You are resistant to electric shocks. (rElec)
You are resistant to unholy torment.
You are immune to petrification.
Your spells are a little harder to cast, but a little more powerful.


   Skills:
 - Level 10.1(15.1) Fighting
 + Level 13.7(18.7) Axes
 - Level 5.1(10.1) Throwing
 - Level 10.0(15.0) Armour
 - Level 2.0(7.0) Dodging
 - Level 6.0(11.0) Shields
 - Level 10.0 Invocations


You had 12 spell levels left.
You didn't know any spells.
Your spell library was empty.

Inventory:

Hand Weapons
 r - a +0 whip
 Y - a +9 broad axe of draining (weapon)
Missiles
 l - a boomerang (quivered)
Armour
 c - a +0 buckler (worn)
 e - a +2 pair of boots (worn)
 h - a +2 helmet (worn)
 n - a +1 cloak of stealth
 o - a scarf of repulsion
 v - a +0 plate armour (worn)
 y - a scarf of resistance (worn)
 A - a +0 pair of gloves (worn)
Jewellery
 f - a +4 ring of protection (left hand)
 m - a ring of positive energy (right hand)
Scrolls
 a - 7 scrolls of identify
 q - 3 scrolls of teleportation
 s - a scroll of noise {unknown}
 x - 3 scrolls of enchant weapon
Potions
 b - 2 potions of magic
 d - 4 potions of might
 g - 2 potions of cancellation
 i - a potion of attraction
 j - 5 potions of heal wounds
 k - a potion of lignification
 p - 3 potions of mutation
 t - a potion of haste
 z - 2 potions of curing

Dungeon Overview and Level Annotations

Branches:
Dungeon (9/15)             Temple (1/1) D:4            Lair (5/5) D:9
  Swamp (0/4) Lair:2        Snake (0/4) Lair:2        Slime (0/5) Lair:4
    Orc (0/2) D:9           Sewer (visited)

Altars:
Ashenzari
Dithmenos
Elyvilon
Fedhas
Gozag
Hepliaklqana
Kikubaaqudgha
Makhleb
Okawaru
Qazlal
Ru
Sif Muna
Trog
Uskayaw
Vehumet
Wu Jian
Xom
Yredelemnul
Zin
The Shining One
Jiyva

Annotations:
D:5 2 transporters, qw's ghost, amateur GrFi
Lair:2 3 runed translucent doors, qw's ghost, journeyman GrFi
Lair:4 1 runed translucent door
Lair:5 Sonja


Message History

The hell hog closely misses you. You block the hell hog's attack.
You slice the hell hog!!
The hell hog is moderately wounded.
You slice the hell hog!! You hit the hell hog but do no damage.
The hell hog bites you but does no damage. x2
The hell hog breathes fire at you.
The fireball explodes!
The fireball engulfs you but does no damage.
The fireball engulfs the hell hog.
The hell hog completely resists.
The fireball engulfs the hell hog.
The hell hog completely resists.
The fireball engulfs the hell hog.
The hell hog completely resists.
You slash the hell hog!
The hell hog is severely wounded.
You slash the hell hog! You hit the hell hog.
The hell hog bites you but does no damage. x2
You slash the hell hog!
The hell hog is severely wounded.
You closely miss the hell hog. You hit the hell hog.
The hell hog bites you but does no damage. x2
You block the hell hog's attack.
You slash the hell hog!
The hell hog is almost dead.
You hit the hell hog. You slash the hell hog! x2
The hell hog breathes fire at you.
The fireball explodes!
The fireball engulfs you! You resist.
The fireball engulfs the hell hog.
The hell hog completely resists.
The fireball engulfs the hell hog.
The hell hog completely resists.
The fireball engulfs the hell hog.
The hell hog completely resists.
The fireball engulfs the hell hog.
The hell hog completely resists.
The hell hog bites you but does no damage.
The hell hog bites you!
The hell hog bites you but does no damage.
13821 ||| READING 4 scrolls of teleportation.
As you read the scroll of teleportation, it crumbles to dust.
You feel strangely unstable.
You feel the power of the Abyss delaying your translocation!
The hell hog bites you but does no damage.
The hell hog breathes fire at you.
The fireball explodes!
The fireball engulfs you! You resist.
You die...

#...#. #....#.....#
#.....##.....#....#
.....#.......#.....
...................
#.#..............
#.............. .
###...h............
#.....h@...........
.....h#h..#........
..#...#...# ....\..
#.#..#..#.... #.#
#.....#####...# .
...### # ## ... .#
.## #.


You could see 4 hell hogs.

Vanquished Creatures
  Nessos (Lair:3)
  Snorg (Lair:5)
  3 hydras
  A skyshark (Lair:4)
  Pikel (D:4)
  An oklob plant (Lair:3)
  14 elephants
  3 black mambas
  6 cane toads
  5 komodo dragons
  2 rime drakes
  3 polar bears
  Prince Ribbit (Lair:2)
  13 blink frogs
  7 dream sheep (Lair:5)
  6 wyverns
  26 yaks
  A steam dragon (Lair:2)
  2 nagas (Lair:2)
  An acid dragon (D:9)
  8 water moccasins
  Duvessa (D:7)
  An ice beast (D:7)
  An orc warrior (D:9)
  2 sky beasts
  2 black bears
  10 wolves
  2 ogres (D:5)
  4 centaurs
  2 phantoms
  A lemure (D:4)
  A kobold brigand (D:6)
  6 bullfrogs
  3 scorpions
  9 wights
  Dowan (D:7)
  10 killer bees (D:7)
  A howler monkey (D:6)
  5 hounds
  4 orc priests
  6 jellies
  3 iguanas
  A gnoll bouda (D:4)
  7 orc wizards
  2 sleepcaps
  Robin (D:2)
  10 gnolls
  15 adders
  A river rat (Sewer)
  2 white imps (D:7)
  An ufetubus (D:4)
  6 worms
  3 dart slugs
  28 orcs
  12 ball pythons
  7 bats
  20 endoplasms
  7 giant cockroaches
  9 hobgoblins
  3 jackals (D:1)
  14 kobolds
  2 quokkas (D:2)
  6 frilled lizards
  17 goblins
  12 rats
367 creatures vanquished.

Notes
Turn   | Place    | Note
-------+----------+-------------------------------------------
     0 | D:1      | qw the Gargoyle Fighter began the quest for the Orb.
     0 | D:1      | Reached XP level 1. HP: 14/14 MP: 1/1
     0 | D:1      | 0 ||| qw: Version: 0.2-a-97-g499787f
     0 | D:1      | 0 ||| qw: Game counter: 88
     0 | D:1      | 0 ||| qw: Always use a shield: true
     0 | D:1      | 0 ||| qw: God list: Okawaru
     0 | D:1      | 0 ||| qw: Allow faded altars: false
     0 | D:1      | 0 ||| qw: Do Orc after D:15 true
     0 | D:1      | 0 ||| qw: Do second Lair branch before Depths: true
     0 | D:1      | 0 ||| qw: Lair rune preference: random
     0 | D:1      | 0 ||| qw: Plans: Normal, Zot:1-4, God:TSO, Crypt, Tomb,
                  | Pan, Slime:5, Hells, Abyss, Win
     0 | D:1      | 0 ||| PLANNING D:1-11
    21 | D:1      | 21 ||| Stepping ~*~*~tactically~*~*~ (stealth).
    32 | D:1      | Reached skill level 2 in Axes
    45 | D:1      | 45 ||| Stepping ~*~*~tactically~*~*~ (stealth).
   109 | D:1      | Reached XP level 2. HP: 19/19 MP: 2/2
   249 | D:1      | 249 ||| DROPPING +0 club.
   341 | D:1      | Reached skill level 3 in Axes
   347 | D:1      | 347 ||| Stepping ~*~*~tactically~*~*~ (stealth).
   360 | D:1      | Reached XP level 3. HP: 13/23 MP: 3/3
  1021 | D:1      | 1021 ||| UPGRADING to +2 pair of boots.
  1026 | D:1      | 1026 ||| UPGRADING to +0 helmet.
  1031 | D:1      | 1031 ||| UPGRADING to +1 cloak of stealth.
  1036 | D:1      | 1036 ||| UPGRADING to +4 ring of protection.
  1037 | D:1      | 1037 ||| UPGRADING to ring of positive energy.
  1038 | D:1      | 1038 ||| READING 3 scrolls labelled KIGIKATHREDD.
  1039 | D:1      | 1039 ||| READING scroll labelled TIM UG FIRI.
  1039 | D:1      | Identified a scroll of acquirement
  1039 | D:1      | 1039 ||| ACQUIRING +4 broad axe of freezing
  1039 | D:1      | Acquired a +4 broad axe of freezing
  1041 | D:1      | 1041 ||| SWAPPING to +4 broad axe of freezing.
  1042 | D:1      | 1042 ||| DROPPING +0 war axe.
  1043 | D:1      | 1043 ||| READING scroll labelled FAONOMM BOIM.
  1044 | D:1      | 1044 ||| DRINKING 3 golden potions.
  1326 | D:2      | Reached XP level 4. HP: 28/28 MP: 4/4
  1502 | D:2      | Reached skill level 4 in Axes
  1540 | D:2      | 1540 ||| Stepping ~*~*~tactically~*~*~ (stealth).
  1625 | D:2      | 1625 ||| Stepping ~*~*~tactically~*~*~ (stealth).
  1695 | D:2      | 1695 ||| Stepping ~*~*~tactically~*~*~ (stealth).
  1738 | D:2      | Reached XP level 5. HP: 32/32 MP: 5/5
  1892 | D:2      | 1892 ||| Stepping ~*~*~tactically~*~*~ (stealth).
  1896 | D:2      | 1896 ||| Stepping ~*~*~tactically~*~*~ (stealth).
  1898 | D:2      | 1898 ||| Stepping ~*~*~tactically~*~*~ (hiding).
  1967 | D:2      | Noticed Robin
  1968 | D:2      | 1968 ||| Stepping ~*~*~tactically~*~*~ (stealth).
  1970 | D:2      | 1970 ||| Stepping ~*~*~tactically~*~*~ (hiding).
  1972 | D:2      | 1972 ||| Stepping ~*~*~tactically~*~*~ (hiding).
  1973 | D:2      | 1973 ||| Stepping ~*~*~tactically~*~*~ (hiding).
  1974 | D:2      | 1974 ||| Stepping ~*~*~tactically~*~*~ (hiding).
  1982 | D:2      | Killed Robin
  2258 | D:2      | 2258 ||| READING 3 scrolls labelled LUORUOHYRR.
  2259 | D:2      | 2259 ||| READING 2 scrolls labelled HUM TELEGYIDGH.
  2260 | D:2      | 2260 ||| READING scroll of enchant weapon.
  2260 | D:2      | 2260 ||| ENCHANTING +5 broad axe of freezing.
  2261 | D:2      | 2261 ||| DRINKING 2 amethyst potions.
  2261 | D:2      | Gained mutation: Your spells are a little harder to cast,
                  | but a little more powerful. [potion of mutation]
  2262 | D:2      | 2262 ||| READING 5 scrolls of identify.
  2262 | D:2      | 2262 ||| IDENTIFYING grey potion
  2263 | D:2      | 2263 ||| READING 4 scrolls of identify.
  2263 | D:2      | 2263 ||| IDENTIFYING yellow potion
  2264 | D:2      | 2264 ||| DROPPING potion of flight.
  2265 | D:2      | 2265 ||| DROPPING 2 scrolls of fear.
  2300 | D:3      | 2300 ||| Stepping ~*~*~tactically~*~*~ (hiding).
  2422 | D:3      | 2422 ||| Stepping ~*~*~tactically~*~*~ (stealth).
  2444 | D:3      | 2444 ||| Stepping ~*~*~tactically~*~*~ (hiding).
  2445 | D:3      | 2445 ||| Stepping ~*~*~tactically~*~*~ (hiding).
  2450 | D:3      | Reached skill level 5 in Axes
  2764 | D:3      | 2764 ||| READING 3 scrolls of identify.
  2764 | D:3      | 2764 ||| IDENTIFYING brown potion
  2765 | D:3      | 2765 ||| READING 2 scrolls of identify.
  2765 | D:3      | 2765 ||| IDENTIFYING fizzy yellow potion
  2766 | D:3      | 2766 ||| DROPPING potion of magic.
  3047 | D:3      | 3047 ||| Stepping ~*~*~tactically~*~*~ (hiding).
  3052 | D:3      | Reached XP level 6. HP: 38/38 MP: 6/6
  3093 | D:3      | 3093 ||| DROPPING +0 whip.
  3144 | D:3      | 3144 ||| Stepping ~*~*~tactically~*~*~ (hiding).
  3407 | D:3      | 3407 ||| Stepping ~*~*~tactically~*~*~ (stealth).
  3504 | D:3      | 3504 ||| Stepping ~*~*~tactically~*~*~ (stealth).
  3510 | D:3      | Reached skill level 1 in Dodging
  3683 | D:3      | 3683 ||| READING scroll labelled AGEOWE QUGH.
  3684 | D:3      | 3684 ||| READING scroll labelled ZEH OLODISM.
  3685 | D:3      | 3685 ||| READING 2 scrolls of identify.
  3685 | D:3      | 3685 ||| IDENTIFYING sedimented clear potion
  3846 | D:4      | Found a staircase to the Ecumenical Temple.
  3847 | D:4      | 3847 ||| PLANNING TEMPLE
  3855 | Temple   | Entered the Ecumenical Temple
  3862 | Temple   | 3862 ||| PLANNING OKAWARU WORSHIP
  4041 | Temple   | Became a worshipper of Warmaster Okawaru
  4041 | Temple   | 4041 ||| PLANNING D:1-11
  4073 | D:4      | 4073 ||| Stepping ~*~*~tactically~*~*~ (stealth).
  4165 | D:4      | 4165 ||| Stepping ~*~*~tactically~*~*~ (hiding).
  4399 | D:4      | 4399 ||| Stepping ~*~*~tactically~*~*~ (hiding).
  4418 | D:4      | 4418 ||| Stepping ~*~*~tactically~*~*~ (stealth).
  4420 | D:4      | 4420 ||| Stepping ~*~*~tactically~*~*~ (hiding).
  4582 | D:4      | 4582 ||| Stepping ~*~*~tactically~*~*~ (stealth).
  4603 | D:4      | Reached skill level 6 in Axes
  4607 | D:4      | 4607 ||| READING scroll of enchant weapon.
  4607 | D:4      | 4607 ||| ENCHANTING +6 broad axe of freezing.
  4630 | D:4      | 4630 ||| Stepping ~*~*~tactically~*~*~ (stealth).
  4631 | D:4      | 4631 ||| Stepping ~*~*~tactically~*~*~ (stealth).
  4632 | D:4      | 4632 ||| Stepping ~*~*~tactically~*~*~ (stealth).
  4635 | D:4      | 4635 ||| Stepping ~*~*~tactically~*~*~ (stealth).
  4637 | D:4      | 4637 ||| Stepping ~*~*~tactically~*~*~ (hiding).
  4832 | D:4      | 4832 ||| UPGRADING to +0 chain mail.
  4842 | D:4      | 4842 ||| DROPPING +0 scale mail.
  4843 | D:4      | 4843 ||| READING scroll labelled LUC OMICILL.
  4847 | D:4      | 4847 ||| READING 4 scrolls of identify.
  4847 | D:4      | 4847 ||| IDENTIFYING white potion
  4848 | D:4      | 4848 ||| READING 3 scrolls of identify.
  4848 | D:4      | 4848 ||| IDENTIFYING orange potion
  4849 | D:4      | 4849 ||| DROPPING potion of brilliance.
  4850 | D:4      | 4850 ||| DROPPING potion of berserk rage.
  4869 | D:5      | Entered Level 5 of the Dungeon
  4869 | D:5      | Noticed Pikel
  4870 | D:5      | 4870 ||| PLANNING SEWER
  4872 | D:5      | Reached XP level 7. HP: 40/43 MP: 7/7
  4873 | D:5      | 4873 ||| STAIRDANCE
  4887 | D:4      | Killed Pikel
  4887 | D:4      | Reached * piety under Okawaru
  4888 | D:4      | Reached skill level 8 in Axes
  4888 | D:4      | Reached XP level 8. HP: 26/48 MP: 8/8
  4974 | D:5      | 4974 ||| INVOKING Heroism.
  4977 | D:5      | Reached skill level 1 in Invocations
  5024 | D:5      | Found a broken altar of Ashenzari.
  5044 | D:5      | 5044 ||| Stepping ~*~*~tactically~*~*~ (stealth).
  5045 | D:5      | Found a glowing drain.
  5071 | Sewer    | Entered a sewer
  5196 | Sewer    | 5196 ||| INVOKING Heroism.
  5225 | Sewer    | 5225 ||| INVOKING Heroism.
  5226 | Sewer    | 5226 ||| Stepping ~*~*~tactically~*~*~ (water).
  5344 | Sewer    | Found a viscous altar of Jiyva.
  5362 | Sewer    | 5362 ||| INVOKING Heroism.
  5363 | Sewer    | 5363 ||| INVOKING Heroism.
  5487 | D:5      | 5487 ||| PLANNING D:1-11
  5520 | D:5      | 5520 ||| READING scroll of enchant weapon.
  5520 | D:5      | 5520 ||| ENCHANTING +7 broad axe of freezing.
  5604 | D:5      | 5604 ||| INVOKING Heroism.
  5678 | D:5      | 5678 ||| INVOKING Heroism.
  5861 | D:5      | Identified the +7 dire flail "Lifebane" {speed, *Noise
                  | rElec rF+ Dex+3}
  5861 | D:5      | Noticed qw's ghost (amateur GrFi)
  5872 | D:5      | Reached skill level 6 in Fighting
  5875 | D:5      | Found a transporter.
  5884 | D:5      | Found a transporter.
  5909 | D:5      | 5909 ||| INVOKING Heroism.
  6045 | D:5      | Reached skill level 3 in Invocations
  6078 | D:5      | 6078 ||| READING scroll labelled UNO CEKAYF.
  6079 | D:5      | 6079 ||| READING scroll labelled EZOILAR ILUONK.
  6080 | D:5      | 6080 ||| READING 2 scrolls of identify.
  6080 | D:5      | 6080 ||| IDENTIFYING sedimented red potion
  6081 | D:5      | 6081 ||| DROPPING potion of invisibility.
  6129 | D:6      | Reached XP level 9. HP: 55/55 MP: 11/11
  6249 | D:6      | 6249 ||| Stepping ~*~*~tactically~*~*~ (stealth).
  6254 | D:6      | 6254 ||| Stepping ~*~*~tactically~*~*~ (stealth).
  6269 | D:6      | Reached skill level 9 in Axes
  6386 | D:6      | Found a shimmering blue altar of Sif Muna.
  6485 | D:6      | Found a white marble altar of Elyvilon.
  6807 | D:6      | 6807 ||| READING 3 scrolls of identify.
  6807 | D:6      | 6807 ||| IDENTIFYING black potion
  6835 | D:7      | 6835 ||| STAIRDANCE
  6883 | D:7      | Reached ** piety under Okawaru
  6888 | D:7      | 6888 ||| INVOKING Heroism.
  6972 | D:7      | 6972 ||| DROPPING +0 morningstar.
  7002 | D:7      | 7002 ||| Stepping ~*~*~tactically~*~*~ (stealth).
  7049 | D:7      | Reached skill level 10 in Axes
  7226 | D:7      | Reached XP level 10. HP: 63/63 MP: 13/13
  7235 | D:7      | 7235 ||| INVOKING Heroism.
  7421 | D:7      | Identified the +2 ring mail of Shadows and Fog {SInv}
  7421 | D:7      | You fall into a shaft and drop 2 floors!
  7427 | D:9      | Found a bloodstained altar of Trog.
  7439 | D:9      | 7439 ||| UPGRADING to scarf of repulsion.
  7449 | D:9      | 7449 ||| READING scroll labelled FAPUNA ZOEJUAL.
  7456 | D:9      | Found an ancient bone altar of Kikubaaqudgha.
  7466 | D:8      | 7466 ||| DRINKING potion of curing.
  7466 | D:8      | 7466 ||| (to cure confusion)
  7537 | D:8      | Found a basalt altar of Yredelemnul.
  7539 | D:8      | 7539 ||| Stepping ~*~*~tactically~*~*~ (hiding).
  7540 | D:8      | 7540 ||| Stepping ~*~*~tactically~*~*~ (hiding).
  7548 | D:8      | Reached skill level 1 in Throwing
  7598 | D:8      | Found a flagged portal.
  7613 | D:8      | 7613 ||| UPGRADING to +0 plate armour.
  7623 | D:8      | 7623 ||| DROPPING +0 chain mail.
  7624 | D:8      | 7624 ||| READING scroll labelled NILIMA ZYVIYH.
  7625 | D:8      | 7625 ||| READING 3 scrolls labelled LOL VO REUSKIH.
  7626 | D:8      | 7626 ||| READING 2 scrolls of enchant armour.
  7626 | D:8      | 7626 ||| ENCHANTING +0 helmet.
  7627 | D:8      | 7627 ||| READING scroll of enchant armour.
  7627 | D:8      | 7627 ||| ENCHANTING +1 helmet.
  7628 | D:8      | 7628 ||| DRINKING 2 red potions.
  7654 | D:7      | Found a shimmering altar of Xom.
  7710 | D:7      | 7710 ||| Stepping ~*~*~tactically~*~*~ (stealth).
  7714 | D:7      | Noticed Duvessa
  7715 | D:7      | 7715 ||| INVOKING Heroism.
  7719 | D:7      | Noticed Dowan
  7722 | D:7      | Killed Duvessa
  7724 | D:7      | Killed Dowan
  7760 | D:7      | 7760 ||| READING 3 scrolls of enchant weapon.
  7760 | D:7      | 7760 ||| ENCHANTING +8 broad axe of venom.
  7880 | D:7      | Reached skill level 3 in Throwing
  7945 | D:7      | 7945 ||| DROPPING +2 ring mail of Shadows and Fog {SInv}.
  7994 | D:8      | 7994 ||| INVOKING Heroism.
  7996 | D:8      | Reached skill level 6 in Armour
  7998 | D:8      | Reached *** piety under Okawaru
  8474 | D:9      | Found a stormy altar of Qazlal.
  8476 | D:9      | 8476 ||| Stepping ~*~*~tactically~*~*~ (stealth).
  8499 | D:9      | 8499 ||| Stepping ~*~*~tactically~*~*~ (hiding).
  8500 | D:9      | 8500 ||| Stepping ~*~*~tactically~*~*~ (hiding).
  8568 | D:9      | 8568 ||| Stepping ~*~*~tactically~*~*~ (stealth).
  8569 | D:9      | 8569 ||| Stepping ~*~*~tactically~*~*~ (hiding).
  8575 | D:9      | 8575 ||| INVOKING Heroism.
  8761 | D:9      | Found a staircase to the Orcish Mines.
  8787 | D:9      | 8787 ||| INVOKING Heroism.
  8857 | D:9      | Found a staircase to the Lair.
  9046 | D:9      | 9046 ||| PLANNING LAIR
  9046 | D:9      | 9046 ||| UPGRADING to scarf of resistance.
  9056 | D:9      | 9056 ||| UPGRADING to +0 pair of gloves.
  9061 | D:9      | 9061 ||| READING scroll labelled ZENABL KAGRONG.
  9194 | Lair:1   | Entered Level 1 of the Lair of Beasts
  9194 | Lair:1   | Found a frozen archway.
  9202 | Lair:1   | 9202 ||| INVOKING Heroism.
  9391 | Lair:1   | Noticed a black mamba
  9392 | Lair:1   | 9392 ||| INVOKING Heroism.
  9393 | Lair:1   | Noticed a cane toad
  9394 | Lair:1   | 9394 ||| Stepping ~*~*~tactically~*~*~ (stealth).
  9398 | Lair:1   | Killed a black mamba
  9405 | Lair:1   | Killed a cane toad
  9405 | Lair:1   | Reached **** piety under Okawaru
  9479 | Lair:1   | Reached skill level 11 in Axes
  9488 | Lair:1   | Reached XP level 11. HP: 44/68 MP: 14/14
  9488 | Lair:1   | 9488 ||| INVOKING Heroism.
  9636 | Lair:1   | 9636 ||| READING scroll of brand weapon.
  9636 | Lair:1   | 9636 ||| BRANDING +9 broad axe of venom.
  9637 | Lair:1   | 9637 ||| DROPPING +3 morningstar.
 10000 | Lair:2   | 10000 ||| INVOKING Heroism.
 10024 | Lair:2   | Noticed qw's ghost (journeyman GrFi)
 10030 | Lair:2   | 10030 ||| Stepping ~*~*~tactically~*~*~ (hiding).
 10031 | Lair:2   | 10031 ||| Stepping ~*~*~tactically~*~*~ (hiding).
 10032 | Lair:2   | 10032 ||| Stepping ~*~*~tactically~*~*~ (hiding).
 10033 | Lair:2   | 10033 ||| INVOKING Heroism.
 10035 | Lair:2   | Noticed a skyshark
 10044 | Lair:2   | 10044 ||| Stepping ~*~*~tactically~*~*~ (stealth).
 10045 | Lair:2   | 10045 ||| Stepping ~*~*~tactically~*~*~ (stealth).
 10054 | Lair:2   | Noticed a seven-headed hydra
 10055 | Lair:2   | Found a runed translucent gate.
 10055 | Lair:2   | Found a runed translucent gate.
 10055 | Lair:2   | Found a runed translucent gate.
 10068 | Lair:2   | 10068 ||| INVOKING Heroism.
 10071 | Lair:2   | 10071 ||| Stepping ~*~*~tactically~*~*~ (stealth).
 10132 | Lair:2   | 10132 ||| INVOKING Heroism.
 10186 | Lair:2   | Found a staircase to the Swamp.
 10264 | Lair:2   | 10264 ||| Stepping ~*~*~tactically~*~*~ (stealth).
 10266 | Lair:2   | 10266 ||| INVOKING Heroism.
 10384 | Lair:2   | Found a staircase to the Snake Pit.
 10386 | Lair:2   | 10386 ||| Stepping ~*~*~tactically~*~*~ (hiding).
 10388 | Lair:2   | 10388 ||| Stepping ~*~*~tactically~*~*~ (hiding).
 10396 | Lair:2   | Received a gift from Okawaru
 10435 | Lair:2   | 10435 ||| Stepping ~*~*~tactically~*~*~ (stealth).
 10438 | Lair:2   | 10438 ||| INVOKING Heroism.
 10443 | Lair:2   | Reached skill level 6 in Invocations
 10455 | Lair:2   | Reached skill level 9 in Fighting
 11038 | Lair:2   | 11038 ||| Stepping ~*~*~tactically~*~*~ (stealth).
 11042 | Lair:2   | 11042 ||| INVOKING Heroism.
 11042 | Lair:2   | Noticed a four-headed hydra
 11047 | Lair:2   | Noticed Prince Ribbit
 11057 | Lair:2   | Killed a one-headed hydra
 11076 | Lair:2   | 11076 ||| INVOKING Heroism.
 11080 | Lair:2   | Killed Prince Ribbit
 11454 | Lair:3   | Noticed an oklob plant
 11455 | Lair:3   | 11455 ||| INVOKING Heroism.
 11463 | Lair:3   | Killed an oklob plant
 11533 | Lair:3   | Noticed Nessos
 11544 | Lair:3   | 11544 ||| INVOKING Heroism.
 11561 | Lair:3   | Killed Nessos
 11561 | Lair:3   | Reached ***** piety under Okawaru
 11562 | Lair:3   | Reached XP level 12. HP: 22/76 MP: 18/18
 11933 | Lair:3   | Received a gift from Okawaru
 11965 | Lair:3   | 11965 ||| READING scroll of brand weapon.
 11965 | Lair:3   | 11965 ||| BRANDING +9 broad axe of flaming.
 12338 | Lair:4   | Reached skill level 12 in Axes
 12351 | Lair:4   | Noticed a five-headed hydra
 12352 | Lair:4   | 12352 ||| INVOKING Heroism.
 12353 | Lair:4   | 12353 ||| INVOKING Finesse.
 12356 | Lair:4   | Killed a five-headed hydra
 12357 | Lair:4   | Reached skill level 9 in Invocations
 12425 | Lair:4   | Found a runed translucent door.
 12425 | Lair:4   | Found a viscous altar of Jiyva.
 12429 | Lair:4   | Found a staircase to the Slime Pits.
 12466 | Lair:4   | Noticed a skyshark
 12481 | Lair:4   | Killed a skyshark
 12489 | Lair:4   | Reached skill level 9 in Armour
 12512 | Lair:4   | 12512 ||| Stepping ~*~*~tactically~*~*~ (stealth).
 12561 | Lair:4   | 12561 ||| INVOKING Heroism.
 12632 | Lair:4   | 12632 ||| Stepping ~*~*~tactically~*~*~ (stealth).
 12663 | Lair:4   | 12663 ||| Stepping ~*~*~tactically~*~*~ (stealth).
 12664 | Lair:4   | 12664 ||| INVOKING Heroism.
 12745 | Lair:4   | Found an ancient bone altar of Kikubaaqudgha.
 12784 | Lair:4   | 12784 ||| INVOKING Heroism.
 12790 | Lair:4   | Reached skill level 6 in Shields
 13011 | Lair:4   | Received a gift from Okawaru
 13062 | Lair:4   | 13062 ||| INVOKING Heroism.
 13291 | Lair:5   | Entered Level 5 of the Lair of Beasts
 13291 | Lair:5   | Noticed a four-headed hydra
 13292 | Lair:5   | 13292 ||| INVOKING Heroism.
 13293 | Lair:5   | 13293 ||| SWAPPING to +0 whip.
 13311 | Lair:5   | 13311 ||| STAIRDANCE
 13318 | Lair:4   | Killed a four-headed hydra
 13318 | Lair:4   | HP: 7/77 [cane toad (15)]
 13318 | Lair:4   | HP: 3/77 [yak (4)]
 13319 | Lair:4   | 13319 ||| READING 5 scrolls of teleportation.
 13320 | Lair:4   | 13320 ||| DRINKING 7 potions of heal wounds.
 13321 | Lair:4   | 13321 ||| SWAPPING to +9 broad axe of draining.
 13322 | Lair:4   | 13322 ||| DRINKING 6 potions of heal wounds.
 13363 | Lair:4   | 13363 ||| INVOKING Heroism.
 13464 | Lair:5   | 13464 ||| STAIRDANCE
 13467 | Lair:4   | 13467 ||| INVOKING Heroism.
 13472 | Lair:4   | Received a gift from Okawaru
 13598 | Lair:5   | Reached XP level 13. HP: 65/82 MP: 20/20
 13675 | Lair:5   | 13675 ||| Stepping ~*~*~tactically~*~*~ (stealth).
 13676 | Lair:5   | 13676 ||| INVOKING Heroism.
 13684 | Lair:5   | Reached skill level 13 in Axes
 13690 | Lair:5   | 13690 ||| Stepping ~*~*~tactically~*~*~ (hiding).
 13702 | Lair:5   | Received a gift from Okawaru
 13739 | Lair:5   | Noticed Snorg
 13740 | Lair:5   | 13740 ||| INVOKING Heroism.
 13754 | Lair:5   | Killed Snorg
 13754 | Lair:5   | Received a gift from Okawaru
 13788 | Lair:5   | 13788 ||| INVOKING Heroism.
 13790 | Lair:5   | Noticed Sonja
 13807 | Abyss:1  | Cast into level 1 of the Abyss (Sonja)
 13816 | Abyss:1  | 13816 ||| INVOKING Heroism.
 13820 | Abyss:1  | HP: 20/82 [hell hog/fireball (8)]
 13821 | Abyss:1  | 13821 ||| READING 4 scrolls of teleportation.
 13821 | Abyss:1  | Killed from afar by a hell hog

Levels and vault maps discovered:
D:1:      denvon_arrival_waterhouse, layout_basic, nicolae_wormholes
D:2:      layout_loops_corners, uniq_robin
D:3:      layout_basic, serial_co_window_serial, co_window_paths_b,
          co_window_corner_a, co_window_paths_b, co_window_paths_a,
          co_window_paths_a, co_window_of_opportunity_a,
          co_window_of_opportunity_a, co_window_corner_b, co_window_corner_b,
          co_window_unsneaky_path_a, co_window_unsneaky_path_d,
          co_window_4corner_b, glass_columns_b, glass_columns_b,
          glass_columns_a, glass_columns_a, glass_columns_a
D:4:      layout_cave_pools, minmay_temple_entry_large_hall, st_stairs_6,
          hangedman_abyss_or_decor_passed, fountainhead
D:5:      layout_loops_cross, cheibrodos_ashenzari_chains,
          cheibrodos_sewer_entry_drain, gammafunk_ghost_smash, uniq_pikel
D:6:      layout_loops_ring, lemuel_doored_altar, old_standard_altar,
          minmay_circle_x
D:7:      layout_loops_cross, mainiacjoe_overflow_chevrons,
          grunt_decor_arrowhead, minmay_misc_feat_four_crosses,
          grunt_ministairs_15, uniq_duvessa
D:8:      layout_layer_cave, yredelemnul_altar_generic, enter_bailey_2
D:9:      layout_cave_pools, mainiacjoe_overflow_paths,
          nicolae_overflow_crystal_walls, nicolae_kikubaaqudgha_miasma_corner,
          lair_entry_dummy, minmay_orc_entry_temple_small
Temple:   chequers_temple_sunken
Lair:1:   layout_misc_corridors, portal_ice_cave_entry_pillars_2,
          grunt_megastairs_5
Lair:2:   layout_layer_cave, swamp_mist, minmay_snake_entry_guardpost_small,
          gammafunk_ghost_split, serial_bayou_shore_b, grunt_megastairs_4,
          uniq_prince_ribbit2
Lair:3:   layout_chaotic_city, nicolae_lair_lil_pond, uniq_nessos
Lair:4:   layout_regular_city, slime_entry_2, basic_altar
Lair:5:   hellmonk_lair_end_abyssal_woods, layout_cave_shapes,
          serial_bayou_shore_b, uniq_snorg, uniq_sonja
Abyss:1:  base:
Lair:4

Skill      XL: |  1  2  3  4  5  6  7  8  9 10 11 12 13 |
---------------+----------------------------------------+-----
Axes           | 2 3 4 5 6 8 10 11 12 13 | 13.7
Fighting       | 4 6 7 8 9 10 | 10.1
Dodging        | 1 2 |  2.0
Invocations    | 3 4 8 10 | 10.0
Armour         | 4 5 7 8 9 10 | 10.0
Shields        | 4 5 6 |  6.0
Throwing       | 3 4 5 |  5.1

Action                     |  1- 3 |  4- 6 |  7- 9 | 10-12 | 13-15 || total
---------------------------+-------+-------+-------+-------+-------++-------
  Melee: War axe           |    92 |       |       |       |       ||    92
         Broad axe         |    28 |   161 |   192 |   280 |    53 ||   714
         Whip              |       |       |       |    23 |       ||    23
  Throw: Boomerang         |       |    25 |    11 |    25 |    14 ||    75
         Javelin           |       |       |       |    96 |    18 ||   114
 Invoke: Heroism           |       |       |     8 |    26 |     4 ||    38
         Finesse           |       |       |       |     1 |       ||     1
    Use: Scroll            |     3 |    14 |     5 |    10 |     1 ||    33
         Potion            |     1 |     1 |       |     4 |       ||     6
   Stab: Distracted        |       |       |       |     1 |       ||     1
 Armour: Scale mail        |    50 |    75 |       |       |       ||   125
         Chain mail        |       |     5 |    94 |    19 |       ||   118
         Plate armour      |       |       |       |   289 |    48 ||   337
  Dodge: Dodged            |    45 |    75 |    69 |   126 |    20 ||   335
  Block: Buckler           |    25 |    24 |    26 |    86 |    12 ||   173

Table legend:
 A = Non-vault XP
 B = Vault XP
 C = Vault XP percentage of total XP
 D = Non-vault monster count
 E = Vault monster count
 F = Vault count percentage of total count
                 A         B        C        D         E       F
            +---------+---------+-------+---------+---------+-------
      Total |   33928 |    7562 |  18.2 |     273 |      93 |  25.4
            +---------+---------+-------+---------+---------+-------
        D:1 |      41 |      10 |  19.6 |      26 |       2 |   7.1
        D:2 |     110 |      38 |  25.7 |      27 |      13 |  32.5
        D:3 |     155 |       0 |   0.0 |      23 |       0 |   0.0
        D:4 |     261 |     622 |  70.4 |      21 |       3 |  12.5
        D:5 |     816 |       4 |   0.5 |      18 |       4 |  18.2
        D:6 |     523 |     457 |  46.6 |      19 |       6 |  24.0
        D:7 |    1452 |     592 |  29.0 |      24 |       7 |  22.6
        D:8 |     515 |       0 |   0.0 |      10 |       0 |   0.0
        D:9 |    1168 |     269 |  18.7 |       7 |      10 |  58.8
     Lair:1 |    2181 |     411 |  15.9 |      10 |       1 |   9.1
     Lair:2 |    4810 |    2588 |  35.0 |      19 |      11 |  36.7
     Lair:3 |    1490 |    1051 |  41.4 |       7 |       1 |  12.5
     Lair:4 |    9947 |     279 |   2.7 |      31 |       1 |   3.1
     Lair:5 |   10459 |     961 |   8.4 |      31 |       1 |   3.1
      Sewer |       0 |     280 | 100.0 |       0 |      33 | 100.0
            +---------+---------+-------+---------+---------+-------
